 Dungeon Crawl Stone Soup version 0.19-a0-1568-gdd01aac (webtiles) character file.

3648 Amnesiac the Geomancer (level 9, -4/57 HPs)
             Began as a Mummy Earth Elementalist on Sept 15, 2016.
             Was a High Priest of Sif Muna.
             Hit by a silver tomahawk thrown by an orc (6 damage)
             ... on level 8 of the Dungeon.
             The game lasted 00:11:25 (7076 turns).

Amnesiac the Geomancer (Mummy Earth Elementalist)   Turns: 7076, Time: 00:11:26

Health: -4/57      AC:  4    Str: 11    XL:     9   Next: 88%
Magic:  13/19      EV: 12    Int: 18    God:    Sif Muna [*****.]
Gold:   407        SH:  0    Dex: 12    Spells: 5 memorised, 6 levels left

rFire  . . .     SeeInvis .     b - 12 stones
rCold  + . .     Gourm    .     v - +0 robe {rN+}
rNeg   + + +     Faith    .     (no shield)
rPois  ∞         Spirit   .     (no helmet)
rElec  .         Dismiss  .     o - +0 cloak
rCorr  .         Reflect  .     (no gloves)
MR     +....     Harm     .     k - +0 pair of boots
Stlth  +++.......               q - amulet of regeneration
                                r - ring of stealth
                                m - ring of protection from fire

@: divine energy
A: no food or potions, fire vulnerability, cold resistance 1, negative energy
resistance 3, torment resistance, unbreathing
a: Stop Divine Energy, Channel Magic, Forget Spell, Renounce Religion


You were on level 8 of the Dungeon.
You worshipped Sif Muna.
Sif Muna was extremely pleased with you.
You were not hungry.

You visited 2 branches of the dungeon, and saw 9 of its levels.

You collected 407 gold pieces.

Inventory:

Hand Weapons
 c - a +0 falchion of electrocution
 u - a +0 trident of venom
Missiles
 b - 12 stones (in hand)
Armour
 k - a +0 pair of boots (worn)
 o - a +0 cloak (worn)
 v - a +0 robe of positive energy (worn)
Jewellery
 m - a ring of protection from fire (left hand)
 q - an amulet of regeneration (around neck)
 r - a ring of stealth (right hand)
Wands
 l - a wand of disintegration (9/24)
Scrolls
 a - 4 scrolls of magic mapping {unknown}
 e - 2 scrolls of fog {unknown}
 f - 3 scrolls of teleportation {unknown}
 g - 5 scrolls of remove curse
 h - a scroll of recharging {unknown}
 i - 2 scrolls of enchant weapon {unknown}
 j - 6 scrolls of identify
 s - a scroll of enchant armour {unknown}
Books
 d - a book of Geomancy

   Spells                             Type                      Level
   a - Sandblast                      Earth                        1
   b - Passwall                       Transmutation/Earth          2
   c - Stone Arrow                    Conjuration/Earth            3
   d - Petrify                        Transmutation/Earth          4
   e - Lee's Rapid Deconstruction     Earth                        5
 p - a book of Alchemy

   Spells                             Type                      Level
   a - Sublimation of Blood           Necromancy                   2
   b - Ignite Poison                  Fire/Transmutation/Poison    3
   c - Petrify                        Transmutation/Earth          4
   d - Alistair's Intoxication        Transmutation/Poison         5
   e - Irradiate                      Conjuration/Transmutation    5
 t - a book of Dreams

   Spells                             Type                      Level
   a - Ensorcelled Hibernation        Hexes/Ice                    2
   b - Silence                        Hexes/Air                    5
   c - Darkness                       Hexes                        6
   d - Shadow Creatures               Summoning                    6


   Skills:
 - Level 1.5 Dodging
 - Level 1.5 Stealth
 + Level 6.9 Spellcasting
 - Level 0.7 Transmutations
 * Level 10.5 Earth Magic


You had 6 spell levels left.
You knew the following spells:

 Your Spells              Type           Power        Failure   Level  Hunger
e - Petrify               Tmut/Erth      ####....     14%         4    N/A
f - Stone Arrow           Conj/Erth      ####..       3%          3    N/A
v - Passwall              Tmut/Erth      ####......   1%          2    N/A
w - Lee's Rapid Deconstr  Erth           #####.....   4%          5    N/A
z - Sandblast             Erth           #####.       1%          1    N/A

Dungeon Overview and Level Annotations

Branches:
Dungeon (8/15)             Temple (1/1) D:4
   Lair: D:8-11

Altars:
Ashenzari
Cheibriados
Dithmenos
Elyvilon
Fedhas
Gozag
Hepliaklqana
Kikubaaqudgha
Makhleb
Nemelex Xobeh
Qazlal
Ru
Sif Muna
Trog
Uskayaw
Vehumet
Xom
Yredelemnul
Zin
The Shining One


Innate Abilities, Weirdness & Mutations

You do not eat or drink.
Your flesh is vulnerable to fire.
You are immune to poison.
Your flesh is cold resistant. (rC+)
You are immune to negative energy. (rN+++)
You are immune to unholy pain and torment.
You can survive without breathing.


Message History

Confirm with . or Enter, or press ? or * to list all spells.
Aiming: Sandblast
Press: ? - help, Shift-Dir - straight line, f/p - orc warrior
Aim: an orc warrior, wielding a war axe and wearing a plate armour (lightly wounded)
The rocky blast hits the orc warrior.
The orc warrior is moderately wounded.
The orc hits you with a whip.
The orc warrior hits you with a war axe!!
* * * LOW HITPOINT WARNING * * *
The orc throws a silver tomahawk.
The silver tomahawk barely misses you.
Casting: Sandblast
Confirm with . or Enter, or press ? or * to list all spells.
Aiming: Sandblast
Press: ? - help, Shift-Dir - straight line, f/p - orc warrior
Aim: an orc warrior, wielding a war axe and wearing a plate armour (moderately wounded)
The rocky blast hits the orc warrior.
The orc warrior is moderately wounded.
The orc hits you but does no damage.
The orc throws a silver tomahawk.
The silver tomahawk hits you.
You die...

.............##
..............#
..............##
............>..#
..............#
....o.........# #.
.......oo.....#
#.#
.......@......##.#
##
.........).)..#.#
.#
...........(.#.#
##
...............# #
..............##
.............##
........####)#
######### #))##
##)..#


You could see an orc warrior and 2 orcs.

Vanquished Creatures
  The ghost of DEFE the Ducker, an amateur MiCj of Zin (D:5)
  Prince Ribbit (D:6)
  Sigmund (D:4)
  3 ice beasts
  3 orc warriors (D:8)
  A necrophage (D:8)
  3 sky beasts
  3 phantoms
  2 black bears
  4 ogres
  A centaur (D:7)
  A crocodile (D:8)
  3 bullfrogs
  Blork the orc (D:5)
  2 scorpions
  A water moccasin skeleton (D:7)
  A howler monkey (D:6)
  A crimson imp (D:5)
  3 hounds
  A bullfrog skeleton (D:7)
  2 orc priests
  An orc wizard (D:8)
  Jessica (D:3)
  3 iguanas
  4 worker ants
  A killer bee zombie (D:5)
  A howler monkey zombie (D:5)
  A worker ant zombie (D:7)
  12 adders
  6 gnolls
  2 adder skeletons
  5 worms
  3 dart slugs
  3 leopard geckos
  35 orcs
  A ball python (D:2)
  4 giant cockroaches
  8 goblins
  4 hobgoblins
  11 jackals
  2 quokkas (D:7)
  9 bats
  6 frilled lizards
  A jackal zombie (D:5)
  9 kobolds
  A leopard gecko zombie (D:7)
  A quokka skeleton (D:5)
  A quokka zombie (D:5)
  6 rats
181 creatures vanquished.

Notes
Turn   | Place    | Note
-------+----------+-------------------------------------------
     0 | D:1      | Amnesiac the Mummy Earth Elementalist began the quest for the Orb.
     0 | D:1      | Reached XP level 1. HP: 13/13 MP: 3/3
   432 | D:4      | Found a staircase to the Ecumenical Temple.
   478 | Temple   | Entered the Ecumenical Temple
   498 | Temple   | Became a worshipper of Sif Muna the Loreminder
   602 | D:1      | Reached XP level 2. HP: 19/19 MP: 0/5
   650 | D:1      | Reached skill level 3 in Earth Magic
  1274 | D:1      | Reached XP level 3. HP: 24/24 MP: 4/6
  1282 | D:1      | Learned a level 2 spell: Passwall
  1286 | D:1      | Learned a level 3 spell: Stone Arrow
  2001 | D:2      | Reached skill level 4 in Earth Magic
  2394 | D:3      | Reached XP level 4. HP: 30/30 MP: 5/7
  2427 | D:3      | Noticed Jessica
  2430 | D:3      | Killed Jessica
  2432 | D:3      | Reached * piety under Sif Muna
  2816 | D:3      | Noticed an ogre
  2852 | D:3      | Killed an ogre
  2852 | D:3      | Reached skill level 5 in Earth Magic
  2852 | D:3      | Reached XP level 5. HP: 35/35 MP: 1/8
  3150 | D:4      | Noticed Sigmund
  3155 | D:4      | Killed Sigmund
  3155 | D:4      | Reached skill level 6 in Earth Magic
  3155 | D:4      | Reached XP level 6. HP: 27/41 MP: 4/9
  3234 | D:4      | Found a white marble altar of Elyvilon.
  3287 | D:4      | Found a shadowy altar of Dithmenos.
  3287 | D:4      | Found a bloodstained altar of Trog.
  3287 | D:4      | Found a glowing silver altar of Zin.
  3288 | D:4      | Found a sacrificial altar of Ru.
  3290 | D:4      | Found a hide-covered altar of Uskayaw.
  3455 | D:4      | Reached ** piety under Sif Muna
  3455 | D:4      | Reached XP level 7. HP: 46/46 MP: 6/10
  3877 | D:5      | Entered Level 5 of the Dungeon
  3884 | D:5      | Reached skill level 7 in Earth Magic
  3985 | D:5      | Found a radiant altar of Vehumet.
  4295 | D:5      | Noticed Blork the orc
  4304 | D:5      | Killed Blork the orc
  4304 | D:5      | Reached XP level 8. HP: 49/52 MP: 7/13
  4392 | D:5      | Noticed DEFE's ghost (amateur MiCj)
  4446 | D:5      | Killed DEFE's ghost
  4446 | D:5      | Reached skill level 8 in Earth Magic
  4574 | D:6      | Reached *** piety under Sif Muna
  4575 | D:6      | Noticed Prince Ribbit
  4583 | D:6      | Killed Prince Ribbit
  4775 | D:6      | Found a burning altar of Makhleb.
  4786 | D:6      | Found a glowing golden altar of the Shining One.
  5035 | D:6      | Found a shimmering altar of Xom.
  5071 | D:6      | Reached skill level 5 in Spellcasting
  5207 | D:7      | Reached skill level 9 in Earth Magic
  5235 | D:7      | Reached XP level 9. HP: 44/57 MP: 4/17
  5348 | D:7      | Reached **** piety under Sif Muna
  5935 | D:8      | Learned a level 5 spell: Lee's Rapid Deconstruction
  5940 | D:8      | Learned a level 4 spell: Petrify
  6154 | D:8      | Reached skill level 10 in Earth Magic
  6888 | D:8      | Reached ***** piety under Sif Muna
  7075 | D:8      | HP: 1/57 [orc warrior/war axe (19)]
  7076 | D:8      | Hit by a silver tomahawk thrown by an orc

Vault maps used:
D:1:      eino_arrival_tree_alley, serial_glass, glass_columns_a,
          glass_columns_a, minmay_octomino_j4
D:2:      minmay_kobold_bridge
D:3:      uniq_jessica
D:4:      elyvilon_altar_1, minitemple, first_bread, minmay_crossroads,
          uniq_sigmund
D:5:      st_stairs_6, vehumet_altar_wand_db, uniq_blork_the_orc
D:6:      tgw_xom, grunt_temple_overflow_open, uniq_prince_ribbit1
D:8:      special_room
Temple:   minmay_temple_bridge_abc

Skill      XL: |  1  2  3  4  5  6  7  8  9 |
---------------+----------------------------+-----
Earth Magic    | 3 4 5 6 7 9 10 | 10.5
Spellcasting   | 3 5 6 |  6.9
Dodging        | |  1.5
Stealth        | |  1.5
Transmutations | |  0.7

Action                   |  1- 3 |  4- 6 |  7- 9 || total
-------------------------+-------+-------+-------++-------
Melee: Unarmed           |     1 |       |       ||     1
       Long sword        |       |       |     8 ||     8
 Cast: Sandblast         |    74 |    30 |   215 ||   319
       Stone Arrow       |       |    15 |    61 ||    76
       Lee's Rapid Decon |       |       |     3 ||     3
Invok: Divine Energy     |       |     1 |       ||     1
  Use: Scroll            |       |       |     3 ||     3
Armor: Robe              |     6 |     3 |    18 ||    27
Dodge: Dodged            |    38 |     6 |    67 ||   111
